 Dungeon Crawl Stone Soup version 0.31-a0-818-ge7c7cf74f0 (webtiles) character file.

Game seed: 15672637236526573805

51713 Lagartolina the Scorcher (level 14, 0/78 HPs)
             Began as a Gargoyle Earth Elementalist on Sept 22, 2023.
             Was a High Priest of Vehumet.
             Shot with a bolt by an orc knight (12 damage)
             ... on level 1 of the Orcish Mines on Sept 23, 2023.
             The game lasted 01:55:55 (27490 turns).

Lagartolina the Scorcher (GrEE)                    Turns: 27490, Time: 01:55:56

Health: 0/78       AC: 29    Str: 17    XL:     14   Next: 60%
Magic:  3/17       EV: 10    Int: 21    God:    Vehumet [*****.]
Gold:   1110       SH:  0    Dex: 22    Spells: 6/17 levels left

rFire   + . .        X - staff of conjuration
rCold   + . .        (no shield)
rNeg    + . .        D - +5 scale mail "Gamud" {Str+5}
rPois   ∞            M - +2 hat
rElec   +            H - scarf {rC+ rF+}
rCorr   .            U - +2 pair of gloves
SInv    .            F - +0 pair of boots
Will    +....        O - amulet of the acrobat
Stlth   +            k - +6 ring of dexterity
HPRegen 0.33/turn    T - +6 ring of dexterity
MPRegen 0.15/turn

%: acrobat
@: flying
A: sickness immunity, AC +10, big wings, negative energy resistance 1,
electricity resistance, torment resistance 1, petrification resistance
a: Renounce Religion


You were on level 1 of the Orcish Mines.
You worshipped Vehumet.
Vehumet was extremely pleased with you.
You visited 4 branches of the dungeon, and saw 19 of its levels.
You also visited: Sewer.

You collected 1110 gold pieces.

Inventory:

Hand Weapons
 q - a +2 dagger of freezing
 y - a +2 dagger of venom
 A - a +2 dire flail of venom
 C - a +2 dagger of flaming
 L - a +4 halberd
 S - a +2 demon trident of chaos
 V - a -2 demon whip of venom
Armour
 c - a scarf of repulsion
 v - a +0 troll leather armour
 x - a +0 helmet
 D - the +5 scale mail "Gamud" (worn) {Str+5}
   (You found it on level 5 of the Dungeon)

   Str+5:     It affects your strength (+5).
 F - a +0 pair of boots (worn)
 H - a scarf of resistance (worn)
 M - a +2 hat (worn)
 U - a +2 pair of gloves (worn)
Magical Staves
 X - a staff of conjuration (weapon)
Jewellery
 k - a +6 ring of dexterity (left hand)
 O - an amulet of the acrobat (around neck)
 T - a +6 ring of dexterity (right hand)
 W - a ring of ice
Talismans
 f - a maw talisman
Wands
 a - a wand of polymorph (11)
 i - a wand of acid (21)
 o - a wand of mindburst (9)
 s - a wand of flame (57)
 J - a wand of digging (13)
 Q - a wand of roots (8)
Scrolls
 h - 2 scrolls of brand weapon
 j - 2 scrolls of immolation
 m - 5 scrolls of enchant armour
 n - a scroll of vulnerability
 r - 4 scrolls of teleportation
 w - 2 scrolls of poison
 B - a scroll of blinking
 G - 3 scrolls of fear
 K - a scroll of butterflies
 P - a scroll of revelation
Potions
 b - 3 potions of magic
 d - 3 potions of mutation
 g - 6 potions of curing
 l - 2 potions of lignification
 p - 6 potions of attraction
 t - 5 potions of might
 u - 2 potions of invisibility
 N - 3 potions of resistance {unknown}
 R - a potion of ambrosia {unknown}


   Skills:
 - Level 5.0 Fighting
 - Level 5.0 Armour
 - Level 1.5 Dodging
 - Level 2.1 Stealth
 - Level 2.0 Spellcasting
 - Level 14.0 Conjurations
 - Level 8.2 Translocations
 - Level 0.7 Transmutations
 + Level 17.0 Fire Magic
 - Level 10.0 Earth Magic


You had 6 spell levels left.
You knew the following spells:

 Your Spells              Type           Power      Damage    Failure   Level
b - Stone Arrow           Conj/Erth      100%       3d13      1%          3
c - Iskenderun's Mystic   Conj/Tloc      65%        2d13      1%          4
d - Sticky Flame          Conj/Fire      79%        2d9       1%          4

Your spell library contained the following spells:

 Spells                   Type           Power      Damage    Failure   Level
 Plasma Beam              Fire/Air       18%        2x1d30    45%         6
 Apportation              Tloc           72%        N/A       1%          1
 Magic Dart               Conj           100%       1d8       1%          1
 Sandblast                Erth           88%        2d18      1%          1
 Brom's Barrelling Bould  Conj/Erth      68%        2d8       1%          4
 Ignite Poison            Fire/Tmut/Pois 26%        N/A       3%          3
 Mephitic Cloud           Conj/Pois/Air  32%        N/A       5%          3
 Passwall                 Tmut/Erth      20%        N/A       8%          2
 Irradiate                Conj/Tmut      24%        3d19      16%         5
 Necrotise                Necr           8%         1d4       41%         1
 Summon Small Mammal      Summ           8%         N/A       41%         1
 Petrify                  Tmut/Erth      24%        N/A       45%         4
 Call Imp                 Summ           4%         N/A       56%         2
 Jinxbite                 Hex            4%         N/A       56%         2
 Dimensional Bullseye     Hex/Tloc       9%         N/A       63%         4
 Call Canine Familiar     Summ           2%         N/A       80%         3
 Summon Guardian Golem    Hex/Summ       2%         N/A       80%         3
 Tukima's Dance           Hex            2%         N/A       80%         3
 Summon Ice Beast         Ice/Summ       2%         N/A       99%         4
 Alistair's Intoxication  Tmut/Pois      2%         N/A       100%        5
 Summon Mana Viper        Hex/Summ       2%         N/A       100%        5
 Ignition                 Fire           32%        3d10      54%         8
 Monstrous Menagerie      Summ           1%         N/A       100%        7
 Sublimation of Blood     Necr           Unusable   N/A       N/A         2

Dungeon Overview and Level Annotations

Branches:
Dungeon (12/15)            Temple (0/1) D:7            Lair (5/5) D:9
  Swamp (0/4) Lair:3       Spider (0/4) Lair:2        Slime (1/5) Lair:4
    Orc (1/2) D:9           Sewer (visited)

Altars:
Ashenzari
Cheibriados
Gozag
Makhleb
Qazlal
Uskayaw
Vehumet
Wu Jian
Xom
Zin
The Shining One

Shops:
D:8 *

Annotations:
D:3 1 runed translucent door, Crazy Yiuf
D:11 3 runed translucent doors, Lauz's ghost, journeyman DECj
Lair:1 1 runed translucent door, magaron's ghost, journeyman MiFi


Innate Abilities, Weirdness & Mutations

You are immune to sickness and miasma.
Your stone body is resilient. (AC +10)
You are immune to poison.
Your large and strong wings let you fly.
You resist negative energy. (rN+)
You are resistant to electric shocks. (rElec)
You are resistant to unholy torment.
You are immune to petrification.


Message History

The orc knight is knocked back by the mystic blast.
The mystic blast hits the orc!
You kill the orc!
Vehumet accepts your kill.
You feel your power returning.
The mystic blast hits the troll!
The troll is almost dead.
The troll is knocked back by the mystic blast.
The mystic blast hits the orc warrior!!
You kill the orc warrior!
Vehumet accepts your kill.
The mystic blast hits the orc knight but does no damage.
The orc knight is severely wounded.
The orc knight hits you but does no damage.
The orc knight closely misses you. The orc knight completely misses you.
The orc knight misses you.
The orc knight shoots a bolt.
The bolt misses you.
The orc knight hits you with a +2 battleaxe!!
The orc knight shoots a bolt.
The bolt completely misses you. The troll completely misses you.
The troll closely misses you. The troll claws you but does no damage.
Casting: Iskenderun's Mystic Blast (dangerous; 1% risk of failure)
Confirm with . or Enter, or press ? or * to list all spells.
You feel a surge of power!
You erupt in a blast of force!
The mystic blast hits the troll!
You kill the troll!
Vehumet accepts your kill.
You feel your power returning.
The mystic blast hits the orc knight but does no damage.
The orc knight is severely wounded.
The orc knight hits you with a +2 battleaxe!!
* * * LOW HITPOINT WARNING * * *
The orc knight shoots a bolt.
The bolt hits you but does no damage.
Your Fire Magic skill increases to level 17!
You feel much better.
The orc knight hits you with a +2 battleaxe!!
The orc knight shoots a bolt.
The bolt hits you but does no damage.
The orc knight hits you with a +2 battleaxe!
* * * LOW HITPOINT WARNING * * *
The orc knight shoots a bolt.
The bolt hits you!
You die...

.......
....... ##
$...... #.##
....... ...#
....$..##$.#
#..))))...#
..#....)...##
..o..$>@....#
....).o......#
..).).).....##
....))....###
......#.$.#
..#...##.## .
.... ## .#...


You could see 2 orc knights.

Vanquished Creatures
  Rupert (Lair:3)
  A dire elephant (Lair:5)
  3 hydras
  2 catoblepae
  2 two-headed ogres (D:11)
  16 death yaks
  Urug (Lair:1)
  Amaemon (Lair:3)
  3 skysharks
  A spectral death yak (Lair:5)
  An orc sorcerer (Orc:1)
  11 elephants (Lair:5)
  3 black mambas
  Joseph (D:7)
  10 cane toads
  A dire elephant zombie (Lair:5)
  An orange demon (Lair:3)
  A rime drake (Lair:5)
  8 komodo dragons
  3 trolls
  Prince Ribbit (D:5)
  14 blink frogs
  Sigmund (D:5)
  A spectral elephant (Lair:5)
  A slime creature (Lair:1)
  3 shadows
  3 wyverns
  51 yaks
  A steam dragon (D:8)
  A vampire mosquito (D:11)
  A basilisk (D:11)
  Edmund (D:5)
  A warg (Orc:1)
  An acid dragon (D:8)
  15 water moccasins
  Duvessa (D:5)
  A swamp drake (Lair:3)
  2 ice beasts
  11 orc warriors
  2 elephant zombies (Lair:5)
  4 black bears
  15 wolves
  An elephant skeleton (Lair:5)
  4 centaurs
  A phantom (D:6)
  2 kobold brigands
  12 bullfrogs
  A gnoll sergeant (D:5)
  2 scorpions
  13 wights
  A water moccasin zombie (D:5)
  Dowan (D:5)
  2 elephant simulacra (Lair:5)
  15 killer bees
  An electric eel (Lair:5)
  A howler monkey (D:6)
  2 bullfrog zombies (D:5)
  8 jellies
  4 hounds
  A centaur zombie (D:5)
  3 orc priests
  An iron imp (D:8)
  A sleepcap (D:5)
  8 orc wizards
  Natasha (thrice) (D:3)
  6 iguanas
  A scorpion zombie (D:5)
  2 hound skeletons (D:5)
  2 hound zombies (D:5)
  A howler monkey zombie (D:5)
  A howler monkey skeleton (D:5)
  7 gnolls
  13 adders
  2 river rats (D:3)
  3 white imps
  A worm (D:3)
  3 dart slugs
  48 orcs
  19 endoplasms
  17 giant cockroaches
  11 goblins
  7 hobgoblins
  12 jackals (D:1)
  10 quokkas
  13 ball pythons
  8 bats
  7 frilled lizards
  20 kobolds
  6 rats
511 creatures vanquished.

Notes
Turn   | Place    | Note
-------+----------+-------------------------------------------
     0 | D:1      | Lagartolina the Gargoyle Earth Elementalist began the quest
                  | for the Orb.
     0 | D:1      | Reached XP level 1. HP: 10/10 MP: 3/3
   216 | D:1      | Reached skill level 1 in Conjurations
   239 | D:1      | Reached XP level 2. HP: 15/15 MP: 3/5
   381 | D:1      | Reached XP level 3. HP: 19/19 MP: 4/6
  1275 | D:2      | Reached XP level 4. HP: 24/24 MP: 5/7
  1450 | D:2      | Reached skill level 5 in Earth Magic
  2371 | D:3      | Reached XP level 5. HP: 28/28 MP: 4/8
  2478 | D:3      | Found a glowing drain.
  2509 | Sewer    | Entered a sewer
  2983 | Sewer    | Reached XP level 6. HP: 32/32 MP: 6/9
  3154 | D:3      | Noticed Natasha
  3157 | D:3      | Killed Natasha
  3202 | D:3      | Learned a level 3 spell: Stone Arrow
  3448 | D:3      | Reached skill level 5 in Conjurations
  3808 | D:3      | Noticed Natasha
  3813 | D:3      | Found a radiant altar of Vehumet.
  3816 | D:3      | Killed Natasha
  3817 | D:3      | Reached XP level 7. HP: 29/36 MP: 7/10
  3828 | D:3      | Noticed Natasha
  3830 | D:3      | HP: 1/36 [Natasha/magic dart (3)]
  3945 | D:3      | Killed Natasha
  4030 | D:3      | Became a worshipper of Vehumet
  4118 | D:3      | Found a runed translucent door.
  4119 | D:3      | Noticed Crazy Yiuf
  5016 | D:4      | Found a broken altar of Ashenzari.
  5079 | D:4      | Found a large runed translucent door.
  5079 | D:4      | Found a large runed translucent door.
  5080 | D:4      | Found a shimmering altar of Xom.
  5287 | D:5      | Entered Level 5 of the Dungeon
  5293 | D:5      | Noticed Prince Ribbit
  5300 | D:5      | Killed Prince Ribbit
  5390 | D:5      | Reached XP level 8. HP: 33/41 MP: 2/11
  5685 | D:5      | Noticed Edmund
  5688 | D:5      | Killed Edmund
  5870 | D:5      | Reached * piety under Vehumet
  5870 | D:5      | Offered knowledge of Foxfire by Vehumet.
  5899 | D:5      | Noticed Duvessa
  5903 | D:5      | Noticed Dowan
  5911 | D:5      | Killed Duvessa
  5919 | D:5      | Killed Dowan
  6028 | D:5      | Identified the +5 scale mail "Gamud" {Str+5}
  6099 | D:5      | Noticed Sigmund
  6101 | D:5      | Killed Sigmund
  6208 | D:5      | Reached skill level 10 in Earth Magic
  6277 | D:5      | Reached XP level 9. HP: 45/45 MP: 5/12
  6483 | D:5      | Reached skill level 1 in Translocations
  6830 | D:5      | Found a glowing silver altar of Zin.
  6978 | D:5      | Found an opulent altar of Gozag.
  7360 | D:6      | Offered knowledge of Momentum Strike by Vehumet.
  7362 | D:6      | Reached ** piety under Vehumet
  7645 | D:6      | Found a glowing golden altar of the Shining One.
  7771 | D:6      | Reached skill level 10 in Conjurations
  8209 | D:6      | Found a burning altar of Makhleb.
  8251 | D:6      | Found an ornate altar of the Wu Jian Council.
  8494 | D:6      | Found an ornate altar of the Wu Jian Council.
  8665 | D:7      | Reached skill level 1 in Armour
  8675 | D:7      | Noticed Joseph
  8679 | D:7      | Killed Joseph
  8783 | D:7      | Found a hide-covered altar of Uskayaw.
  8795 | D:7      | Reached skill level 5 in Translocations
  8830 | D:7      | Found a staircase to the Ecumenical Temple.
  8877 | D:7      | Reached XP level 10. HP: 50/50 MP: 10/13
  9497 | D:8      | Found a snail-covered altar of Cheibriados.
  9682 | D:8      | Reached skill level 5 in Armour
 10121 | D:8      | Offered knowledge of Scorch by Vehumet.
 10523 | D:8      | Found Raim's General Store.
 10768 | D:8      | Reached *** piety under Vehumet
 11242 | D:8      | Learned a level 4 spell: Iskenderun's Mystic Blast
 11265 | D:9      | Offered knowledge of Volatile Blastmotes by Vehumet.
 11274 | D:9      | Reached skill level 1 in Fighting
 11333 | D:9      | Found a staircase to the Orcish Mines.
 11614 | D:8      | Reached XP level 11. HP: 27/60 MP: 1/14
 12123 | D:9      | Reached **** piety under Vehumet
 12196 | D:9      | Found a staircase to the Lair.
 12291 | D:9      | Reached skill level 5 in Fighting
 12307 | D:9      | Offered knowledge of Olgreb's Toxic Radiance by Vehumet.
 12729 | D:10     | Entered Level 10 of the Dungeon
 12827 | D:10     | Reached skill level 1 in Fire Magic
 13677 | D:10     | Found a stormy altar of Qazlal.
 13919 | D:11     | Noticed Lauz's ghost (journeyman DECj)
 13951 | D:11     | Found a runed translucent gate.
 13951 | D:11     | Found a runed translucent gate.
 13951 | D:11     | Found a runed translucent gate.
 13990 | D:11     | Reached skill level 2 in Fire Magic
 14183 | D:11     | Noticed a two-headed ogre
 14186 | D:11     | Killed a two-headed ogre
 14187 | D:11     | Reached skill level 3 in Fire Magic
 14658 | D:11     | Reached skill level 4 in Fire Magic
 14930 | D:11     | Noticed a two-headed ogre
 14934 | D:11     | Killed a two-headed ogre
 14955 | D:11     | Reached skill level 5 in Fire Magic
 15065 | D:11     | Reached skill level 6 in Fire Magic
 15399 | D:12     | Noticed a two-headed ogre
 15401 | D:12     | Noticed a cyclops
 15401 | D:12     | Noticed an eight-headed hydra
 15403 | D:12     | Noticed a boulder beetle
 15459 | Lair:1   | Entered Level 1 of the Lair of Beasts
 15503 | Lair:1   | Reached XP level 12. HP: 68/68 MP: 4/15
 15505 | Lair:1   | Reached ***** piety under Vehumet
 15597 | Lair:1   | Noticed Urug
 15602 | Lair:1   | Offered knowledge of Starburst by Vehumet.
 15603 | Lair:1   | Reached skill level 7 in Fire Magic
 15617 | Lair:1   | Killed Urug
 15712 | Lair:1   | Reached skill level 8 in Fire Magic
 16161 | Lair:1   | Reached skill level 9 in Fire Magic
 16623 | Lair:1   | Found a runed translucent door.
 16631 | Lair:1   | Noticed magaron's ghost (journeyman MiFi)
 17272 | Lair:2   | Found a hole to the Spider Nest.
 17278 | Lair:2   | Reached skill level 10 in Fire Magic
 17504 | Lair:2   | Noticed a death yak
 17903 | Lair:2   | Noticed a four-headed hydra
 17904 | Lair:2   | Reached skill level 11 in Fire Magic
 17974 | Lair:2   | Learned a level 4 spell: Sticky Flame
 18059 | Lair:2   | Noticed a skyshark
 18072 | Lair:2   | Killed a skyshark
 18209 | Lair:2   | Killed a four-headed hydra
 18642 | Lair:2   | Reached skill level 12 in Fire Magic
 18824 | Lair:2   | Reached XP level 13. HP: 64/72 MP: 10/16
 19179 | Lair:2   | Reached skill level 13 in Fire Magic
 20607 | Lair:3   | Noticed Rupert
 20631 | Lair:3   | Killed Rupert
 20836 | Lair:3   | Found a staircase to the Swamp.
 20938 | Lair:3   | Noticed Amaemon
 20971 | Lair:3   | Killed Amaemon
 22505 | Lair:4   | Found a staircase to the Slime Pits.
 22697 | Lair:5   | Entered Level 5 of the Lair of Beasts
 22770 | Slime:1  | Entered Level 1 of the Pits of Slime
 22820 | Lair:5   | Reached skill level 14 in Fire Magic
 23687 | Lair:5   | Gained mutation: Your large and strong wings let you fly.
                  | [Gargoyle growth]
 23687 | Lair:5   | Reached XP level 14. HP: 65/78 MP: 7/17
 23798 | Lair:5   | Reached skill level 15 in Fire Magic
 25069 | Lair:5   | Reached skill level 16 in Fire Magic
 25758 | Lair:5   | Noticed a dire elephant
 25758 | Lair:5   | Noticed a dire elephant
 26060 | Lair:5   | Noticed a dire elephant
 26100 | Lair:5   | Killed a dire elephant
 26260 | Lair:4   | Identified a scroll of acquirement
 26260 | Lair:4   | Acquired a +2 hat
 26323 | Lair:4   | Upgraded the game from 0.31-a0-816-gd61d57ddb1 to
                  | 0.31-a0-818-ge7c7cf74f0
 26570 | Lair:5   | Offered knowledge of Plasma Beam by Vehumet.
 27445 | Orc:1    | Entered Level 1 of the Orcish Mines
 27489 | Orc:1    | Reached skill level 17 in Fire Magic
 27490 | Orc:1    | Shot with a bolt by an orc knight

Illustrated notes

Levels and vault maps discovered:
D:1:      evilmike_arrival_rings, layout_basic, nicolae_titane
D:2:      layout_basic, nicolae_hexahallways
D:3:      layout_loops_corners, vehumet_altar_wand_db, gup_sewer_entry_bubbles,
          uniq_crazy_yiuf_cottage, uniq_natasha
D:4:      due_chaos_kobolds, layout_cave_pools,
          mainiacjoe_overflow_six_doors_small
D:5:      layout_loops_corners, pdpol_temple_overflow_zin_treasury_gozag_greed,
          serial_undead, serial_undead_e, serial_undead_b, serial_undead_c,
          serial_undead_e, serial_undead_e, serial_undead_e, serial_undead_a,
          serial_undead_e, serial_undead_f, serial_undead_d,
          hangedman_decor_riveting, serial_bayou_lake_a, uniq_prince_ribbit1,
          uniq_sigmund, uniq_edmund, uniq_duvessa
D:6:      layout_layer_cave, nicolae_wu_jian_immortal_techniques,
          mainiacjoe_overflow_alcove_2, hangedman_feature_mirror
D:7:      layout_loops_ring, lemuel_tele_altar,
          minmay_temple_entry_antechambers, uniq_joseph
D:8:      layout_loops_corners, slow_altar_1, serial_shops,
          nicolae_lakefront_shop
D:9:      layout_roguey, grunt_lair_entry_orc_guard_hut, david_orc_4
D:10:     layout_basic, nicolae_qazlal_eye_of_the_storm
D:11:     layout_basic, gammafunk_ghost_icy
D:12:     minmay_the_grid_square_5x5_5x5_mashed
          [minmay_the_grid_square_5x5_two_small,
          minmay_the_grid_square_5x5_inverted_slash,
          minmay_the_grid_square_5x5_three, minmay_the_grid_square_5x5_z,
          minmay_the_grid_square_5x5_minibox, minmay_the_grid_square_5x5_empty,
          minmay_the_grid_square_5x5_prize_gold,
          minmay_the_grid_square_5x5_corner,
          minmay_the_grid_square_5x5_prize_rear_guard,
          minmay_the_grid_square_5x5_v, minmay_the_grid_square_5x5_two_walls_b,
          minmay_the_grid_square_5x5_trominoes,
          minmay_the_grid_square_5x5_prize_waves,
          minmay_the_grid_square_5x5_two, minmay_the_grid_square_5x5_n_small,
          minmay_the_grid_square_5x5_empty,
          minmay_the_grid_square_5x5_prize_open,
          minmay_the_grid_square_5x5_longway,
          minmay_the_grid_square_5x5_prize_junk,
          minmay_the_grid_square_5x5_tri_point,
          minmay_the_grid_square_5x5_shrine2,
          minmay_the_grid_square_5x5_dogpile, minmay_the_grid_square_5x5_inset,
          minmay_the_grid_square_5x5_eight, minmay_the_grid_square_5x5_bite],
          layout_rooms, minmay_hollow_rounded_squares
Lair:1:   lemuel_slime, layout_cave_pods, ebering_ghost_reflecting_pool,
          beast_lair_carwin_11, uniq_urug
Lair:2:   layout_hall_layers, spider_nest_entry_web_field
Lair:3:   layout_chaotic_city, minmay_swamp_entry_reptiles,
          serial_bayou_shore_a, uniq_amaemon, uniq_rupert
Lair:4:   layout_regular_city, slime_entry_1, grunt_forest_small_clearings
Lair:5:   due_jungle_book, layout_cave_pods, lemuel_fruit_fields,
          infiniplex_staircase_pool, lemuel_fruit_tree
Slime:1:  layout_caves
Orc:1:    layout_caves, basic_altar, serial_shops, shop, shop

Skill      XL: |  1  2  3  4  5  6  7  8  9 10 11 12 13 14 |
---------------+-------------------------------------------+-----
Conjurations   | 1 2 3 4 5 6 8 10 12 14 | 14.0
Earth Magic    | 4 5 6 8 10 | 10.0
Translocations | 5 6 8 |  8.2
Armour         | 4 5 |  5.0
Fighting       | 3 5 |  5.0
Fire Magic     | 6 12 14 17 | 17.0
Dodging        | |  1.5
Stealth        | |  2.1
Spellcasting   | |  2.0
Transmutations | |  0.7

Action                     |  1- 3 |  4- 6 |  7- 9 | 10-12 | 13-15 || total
---------------------------+-------+-------+-------+-------+-------++-------
  Melee: Dagger            |    11 |       |    29 |   151 |    48 ||   239
         Punch             |       |       |       |     3 |     2 ||     5
         Staff             |       |       |       |       |    65 ||    65
   Cast: Sandblast         |    46 |   116 |   150 |   143 |     7 ||   462
         Stone Arrow       |       |     2 |    31 |   136 |    91 ||   260
         Iskenderun's Myst |       |       |       |    54 |    66 ||   120
         Sticky Flame      |       |       |       |     4 |    84 ||    88
  Evoke: Wand              |       |       |     1 |     1 |       ||     2
    Use: Scroll            |       |     2 |     4 |     7 |    11 ||    24
         Potion            |       |       |     1 |     3 |     2 ||     6
 Armour: Robe              |    13 |    34 |    56 |       |       ||   103
         Scale mail        |       |       |    29 |   381 |   406 ||   816
  Dodge: Dodged            |    23 |    47 |    67 |   186 |   211 ||   534

Table legend: (Time is in decaauts)
 A = Elapsed time spent in this place.
 B = Non-inter-level travel time spent in this place.
 C = Inter-level travel time spent in this place.
 D = Time resting spent in this place.
 E = Time spent auto-exploring this place.
 F = Levels seen in this place.
 G = Mean time per level.
                   A        B        C        D        E       F      G
               +--------+--------+--------+--------+--------+-----+--------+
         Total |  27878 |  26747 |   1131 |   8661 |  13334 |  20 | 1393.9 |
       Dungeon |  15202 |  14552 |    650 |   3006 |   9538 |  12 | 1266.8 |
          Lair |  11987 |  11506 |    481 |   5456 |   3588 |   5 | 2397.4 |
    Slime Pits |      1 |      1 |      0 |      0 |      0 |   1 |    1.0 |
  Orcish Mines |     44 |     44 |      0 |      0 |      0 |   1 |   44.0 |
         Sewer |    642 |    642 |      0 |    198 |    207 |   1 |  642.0 |
               +--------+--------+--------+--------+--------+-----+--------+

Top non-repeatable levels by time:
  Lair:5: 3318 daAuts
  Lair:4: 2495 daAuts
  Lair:1: 2410 daAuts
  Lair:2: 2172 daAuts
     D:5: 1979 daAuts
     D:8: 1837 daAuts
     D:3: 1791 daAuts
    D:11: 1619 daAuts
  Lair:3: 1591 daAuts
     D:9: 1461 daAuts
     D:6: 1347 daAuts
     D:1: 1294 daAuts
    D:10: 1085 daAuts
     D:2: 979 daAuts
     D:7: 957 daAuts
